AoeStats
← Jazzmushroom

African Clearing

510467631Analyzed
4v4 RM · 13h ago on Oct 1, 2026· 44m 59s· 8 players
Game mode
Random Map
Map size
Large (8 player)
Population
200
Speed
Normal
Resources
Standard
Victory
Conquest
Starting age
Dark Age
Ending age
Imperial Age
RankedLock teamsTeams togetherTeam positionsShared explorationLock speedFull tech treeHidden civsTurbo modeCheats
Victory
Defeat
🇦🇷 Britons · Argentina
1580
+12
🇨🇷 Danes · Costa Rica
1554
+13
🇺🇸 Wei · United States
1460
+16
🇦🇷 Varangians · Argentina
1386
+19
🇨🇴 Burmese · Colombia
1586
-19
🇺🇸 Poles · United States
1451
-14
🇧🇩 Mongols · Bangladesh
1441
-14
🇦🇷 Britons · Argentina
1420
-13
Daniel Lothbrok
4:09 Loom
12:31 Feudal Age
13:02 Double-Bit Axe
12:53 Man-at-Arms
14:04 Arson
19:16 Forging
18:58 Horse Collar
21:25 Fletching
22:05 Town Watch
25:45 Castle Age
24:14 Gold Mining
24:17 Stone Mining
27:06 Bodkin Arrow
27:53 Wheelbarrow
39:02 Hand Cart
42:31 Imperial Age
41:26 Gold Shaft Mining
41:07 Heavy Plow
41:13 Squires
41:01 Gambesons
42:24 Stone Shaft Mining
41:18 Hamask
42:36 Iron Casting
42:01 Scale Mail Armor
42:38 Bow Saw
42:52 Murder Holes
43:18 Ballistics
43:37 Conscription
42:46 Elite Jomsviking
44:28 Blast Furnace
42:50 Capped Ram
44:34 Chain Mail Armor
44:20 Bracer
44:01 Siege Ram
TurkeyBaster
8:08 Loom
11:47 Feudal Age
12:27 Double-Bit Axe
12:48 Horse Collar
14:01 Gold Mining
15:05 Stone Mining
22:36 Castle Age
21:07 Forging
21:12 Bloodlines
21:35 Scale Barding Armor
23:41 Bow Saw
24:09 Wheelbarrow
23:38 Heavy Plow
23:07 Light Cavalry
23:49 Husbandry
24:11 Town Watch
29:45 Chain Barding Armor
30:00 Iron Casting
32:47 Gold Shaft Mining
34:07 Iron Casting
39:14 Imperial Age
37:02 Hand Cart
41:00 Blast Furnace
40:28 Conscription
41:39 Tuntian
43:09 Hoardings
42:24 Elite Tiger Cavalry
43:17 Fletching
45:17 Ming Guang Armor
46:08 Chemistry
45:18 Masonry
Lord_M@ster
7:05 Loom
15:15 Feudal Age
16:55 Bloodlines
26:38 Double-Bit Axe
45:20 Castle Age
DiegoRasta
11:11 Loom
13:13 Feudal Age
17:25 Castle Age
16:07 Double-Bit Axe
16:59 Horse Collar
18:36 Bow Saw
19:44 Fletching
22:35 Bodkin Arrow
28:20 Padded Archer Armor
30:06 Ballistics
30:30 Gold Mining
32:53 Wheelbarrow
37:28 Leather Archer Armor
40:44 Imperial Age
38:52 Yeomen
39:33 Hand Cart
40:10 Coinage
41:03 Gold Shaft Mining
40:20 Stone Mining
41:29 Bracer
40:55 Elite Longbowman
42:36 Banking
43:34 Ring Archer Armor
44:20 Chemistry
44:24 Conscription
Jazzmushroom
10:58 Loom
13:27 Feudal Age
14:36 Double-Bit Axe
22:18 Horse Collar
24:42 Bloodlines
25:18 Wheelbarrow
29:10 Castle Age
30:55 Town Watch
32:03 Stone Mining
32:05 Gold Mining
33:50 Forging
34:26 Scale Barding Armor
37:22 Chain Barding Armor
38:46 Szlachta Privileges
43:01 Iron Casting
43:07 Husbandry
VZ | Nescar
10:06 Loom
12:17 Feudal Age
13:25 Town Watch
17:15 Castle Age
17:42 Stone Mining
20:19 Padded Archer Armor
21:08 Town Watch
24:02 Horse Collar
25:41 Wheelbarrow
31:59 Heavy Plow
32:59 Husbandry
35:04 Bloodlines
36:21 Ballistics
37:55 Murder Holes
39:05 Fletching
42:14 Light Cavalry
43:35 Scale Barding Armor
43:26 Bodkin Arrow
46:36 Imperial Age
44:22 Hand Cart
cuba
11:31 Loom
13:17 Feudal Age
15:03 Stone Mining
18:08 Castle Age
18:10 Double-Bit Axe
24:45 Fletching
33:30 Town Watch
38:35 Scale Mail Armor
39:31 Wheelbarrow
38:48 Pikeman
39:45 Chain Mail Armor
41:13 Bow Saw
41:25 Hand Cart
45:46 Imperial Age
43:28 Bodkin Arrow
43:59 Padded Archer Armor
45:02 Yeomen
45:04 Ballistics
44:55 Gold Mining
Gunslinger
10:08 Loom
12:58 Feudal Age
13:39 Double-Bit Axe
13:41 Horse Collar
15:05 Scale Barding Armor
15:11 Forging
27:52 Castle Age
30:59 Heavy Plow
31:43 Wheelbarrow
33:25 Bow Saw
37:56 Hand Cart
39:22 Stone Mining
39:23 Gold Mining
40:43 Stone Shaft Mining
41:20 Gold Shaft Mining
44:35 Imperial Age
45:02 Fletching
45:13 Padded Archer Armor
Connection lost

Rejoining the realm…

Still unreachable

The connection could not be restored.

Session expired

The server has moved on; the page needs a fresh start.